 Dungeon Crawl Stone Soup version 0.30.1-3-gfc49f6343a (webtiles) character file.

Game seed: 4349506061746158534

11514 Andi the Tainter (level 11, -4/64 HPs)
             Began as an Octopode Venom Mage on Aug 5, 2023.
             Was a Priest of Sif Muna.
             Engulfed by a cloud of flame (16 damage)
             ... in a volcano.
             The game lasted 02:03:24 (15475 turns).

Andi the Tainter (Octopode Venom Mage)             Turns: 15475, Time: 02:03:25

Health: -4/64      AC:  7    Str:  8    XL:     11   Next: 78%
Magic:  34/34      EV: 29    Int: 28    God:    Sif Muna [***...]
Gold:   136        SH:  0    Dex: 12    Spells: 10/31 levels left

rFire   . . .        c - +7 dagger "Bomoafam" {freeze, rN++ rCorr}
rCold   + . .        l - orb {light}
rNeg    + + +        g - +2 hat
rPois   +            z - amulet of the acrobat
rElec   .            v - ring of magical power
rCorr   +            x - ring of protection from fire
SInv    .            V - ring of ice
Will    .....        X - ring of positive energy
Stlth   ++           N - ring of poison resistance
HPRegen 0.30/turn    p - ring of resist corrosion
MPRegen 0.24/turn    j - +4 ring of protection
                     s - +6 ring of intelligence

%: acrobat
@: acrobatic, glowing
A: almost no armour, amphibious, 8 rings, camouflage 1, gelatinous body 1,
(nimble swimmer 1), tentacles
a: Renounce Religion, Channel Magic, Forget Spell


You were in a volcano.
You worshipped Sif Muna.
Sif Muna was most pleased with you.
You visited 3 branches of the dungeon, and saw 13 of its levels.
You visited 1 bazaar.
You also visited: Volcano.

You collected 1170 gold pieces.
You spent 1034 gold pieces at shops.

Inventory:

Hand Weapons
 c - the +7 dagger "Bomoafam" (weapon) {freeze, rN++ rCorr}
   (You found it on level 7 of the Dungeon)

   rN:        It greatly protects you from negative energy.
   rCorr:     It protects you from acid and corrosion.
 f - a +2 heavy mace
 t - a +1 short sword of holy wrath
 B - a +3 dagger of speed
 I - a +4 battleaxe
 M - a +0 hand axe
 Q - a +2 dagger of protection
 Z - the +5 woodcutter's axe
   (You found it on level 10 of the Dungeon)
Missiles
 h - 61 stones
 U - a throwing net
Armour
 g - a +2 hat (worn)
 l - an orb of light (worn)
 q - an orb of energy
 S - a +2 buckler
Jewellery
 j - a +4 ring of protection (on tentacle)
 p - a ring of resist corrosion (on tentacle)
 s - a +6 ring of intelligence (on tentacle)
 v - a ring of magical power (left tentacle)
 x - a ring of protection from fire (right tentacle)
 z - an amulet of the acrobat (around mantle)
 N - a ring of poison resistance (on tentacle)
 T - an amulet of guardian spirit
 V - a ring of ice (on tentacle)
 X - a ring of positive energy (on tentacle)
Wands
 k - a wand of acid (4)
 o - a wand of mindburst (17)
 r - a wand of paralysis (6)
 K - a wand of flame (39)
Scrolls
 e - a scroll of immolation
 i - a scroll of noise
 u - 3 scrolls of teleportation
 w - a scroll of poison {unknown}
 y - 5 scrolls of vulnerability
 A - a scroll of enchant armour
 D - a scroll of fog {unknown}
 G - a scroll of silence {unknown}
 L - a scroll of magic mapping {unknown}
 P - a scroll of fear {unknown}
Potions
 a - 2 potions of magic
 b - 2 potions of curing
 d - 3 potions of mutation {unknown}
 m - a potion of invisibility {unknown}
 n - 4 potions of cancellation
 C - 3 potions of heal wounds
 E - 2 potions of haste {unknown}
 F - 3 potions of attraction {unknown}
 H - 2 potions of might {unknown}
 J - 4 potions of lignification {unknown}
 O - a potion of flight {unknown}
 R - 2 potions of degeneration {unknown}
 W - 2 potions of ambrosia {unknown}
 Y - 2 potions of resistance {unknown}


   Skills:
 + Level 1.9 Fighting
 + Level 3.1 Short Blades
 + Level 1.0 Maces & Flails
 + Level 4.0 Dodging
 + Level 5.2 Stealth
 + Level 10.5 Spellcasting
 + Level 1.7 Conjurations
 + Level 4.0 Summonings
 + Level 2.0 Transmutations
 + Level 7.9 Air Magic
 + Level 11.6 Poison Magic


You had 10 spell levels left.
You knew the following spells:

 Your Spells              Type           Power      Damage    Failure   Level
a - Sting                 Tmut/Pois      100%       1d8       1%          1
b - Poisonous Vapours     Pois/Air       100%       N/A       1%          2
c - Mephitic Cloud        Conj/Pois/Air  53%        N/A       1%          3
d - Olgreb's Toxic Radia  Pois           68%        N/A       1%          4
e - Magic Dart            Conj           96%        1d7       1%          1
f - Call Imp              Summ           74%        N/A       1%          2
g - Summon Lightning Spi  Summ/Air       48%        N/A       3%          4
h - Summon Small Mammal   Summ           100%       N/A       1%          1
i - Call Canine Familiar  Summ           37%        N/A       2%          3

Your spell library contained the following spells:

 Spells                   Type           Power      Damage    Failure   Level
 Summon Guardian Golem    Hex/Summ       25%        N/A       4%          3
 Blade Hands              Tmut           13%        N/A       41%         5
 Irradiate                Conj/Tmut      12%        3d15      43%         5
 Storm Form               Tmut/Air       21%        N/A       99%         7
 Dragon Form              Tmut           13%        N/A       100%        7
 Discord                  Hex            7%         N/A       100%        8
 Ignition                 Fire           7%         3d4       100%        8
 Maxwell's Capacitive Co  Air            28%        ∞         100%        8


Dungeon Overview and Level Annotations

Branches:
Dungeon (10/15)            Temple (1/1) D:4            Lair (0/5) D:10
    Orc (2/2) D:9             Elf (0/3) Orc:2       Volcano (1/1)

Altars:
Cheibriados
Dithmenos
Elyvilon
Fedhas
Gozag
Hepliaklqana
Kikubaaqudgha
Makhleb
Nemelex Xobeh
Okawaru
Qazlal
Ru
Sif Muna
Trog
Uskayaw
Vehumet
Wu Jian
Xom
Yredelemnul
Zin

Shops:
D:10 *

Annotations:
D:3 2 transporters, Tyszek's ghost, amateur MiMo
D:8 3 runed translucent doors, LavenderCorpse's ghost, novice TrCA; Plommelars's ghost, novice MiBe; kij's ghost, novice MiBe; raetorn's ghost, novice NaHu
D:10 Nergalle


Innate Abilities, Weirdness & Mutations

You cannot wear most types of armour.
You are amphibious.
You can wear up to eight rings at the same time.
Your skin changes colour to match your surroundings (Stealth+).
Your rubbery body absorbs attacks. (AC +1, EV +1)
((You are camouflaged when in or above water. (Stealth+)))
You have tentacles for arms and can constrict up to eight enemies at once.


Message History

a +0 flail; an orc corpse
Things that are here:
a +0 short sword; an orc corpse You now have 103 gold pieces (gained 13).
Found 33 gold pieces.
You now have 136 gold pieces (gained 33).
Things that are here:
a +0 flail; an orc corpse
There is a dark tunnel here.
The world spins around you as you enter the gateway.
You enter a volcano!
Found a rocky tunnel leading out of this place.
There is a rock-blocked tunnel here.
Okay, then.
There is a rocky tunnel leading out of this place here.
You open the door.
There is an open door here.
Why would you want to do that?
The air gets thick with the scent of sulphur.
In the distance, the volcano erupts with a roar.
Why would you want to do that?
You open the door. 2 salamanders and a hell hound come into view.
The hell hound barks!
The hell hound breathes flames at you. The blast of flame hits you!
The salamander wields a +0 shortbow of flaming.
It bursts into flame!
The salamander shoots an arrow.
The arrow hits you. The arrow burns you.
The hell hound moves out of view.
The salamander shoots an arrow.
The arrow misses you.
The air gets thick with the scent of sulphur.
The salamander shoots an arrow.
The arrow closely misses you.
The salamander shoots an arrow.
The arrow closely misses you.
In the distance, the volcano erupts with a roar.
You are engulfed in blazing flames.
The salamander shoots an arrow.
The arrow misses you.
You are engulfed in blazing flames.
* * * LOW HITPOINT WARNING * * *
You are engulfed in blazing flames.
You die...

≈≈#≈ §#§
§§#§§§#≈#≈≈≈#○#°°≈#≈#§#≈≈§#
≈§§#§§§○≈§≈§°○°§≈°°#°§°#≈≈ #
≈≈≈§§§§°°☼°○§°°§°○≈≈§○≈≈§#≈#
§§§≈≈§§°≈°°≈○°≈≈☼○○°°°°°≈§≈≈
§§≈≈§≈≈§≈○○§°°°°°°○○°≈≈≈≈§§≈
≈§≈.≈≈≈○§§○○○○○°°○○§°§°≈§§≈≈
.§≈≈≈≈≈☼§°○○°○○○☼○§°°§§§§≈≈#
.§§....○○N.°○○○○@§○○°#
##...##h##°°°#####°○○####
##.##.. ##☼## ##°.##.##
#.#... #.# #..#.#∩# #.#..N
#.# #..#.#∩# #.##.. #.#
##..#'### .^.###
...##+##....## ...
....^^^....## ~.~
.~~~.~...~~~≈≈≈≈≈≈


You could see a salamander.

Vanquished Creatures
  Snorg (D:10)
  4 two-headed ogres
  Pikel (D:4)
  An orc knight (Orc:2)
  An orc sorcerer (Orc:1)
  A cyclops (D:10)
  Maurice (D:10)
  Maggie (D:7)
  A kobold demonologist (D:10)
  2 trolls
  A hornet (D:8)
  Grinder (D:3)
  Prince Ribbit (D:8)
  Sigmund (D:6)
  A vampire (D:10)
  4 yaks (D:4)
  A steam dragon (D:6)
  3 wargs (Orc:2)
  2 water moccasins (D:9)
  Duvessa (D:6)
  5 orc warriors
  A sky beast (D:7)
  An ice beast (D:7)
  3 black bears
  4 centaurs
  2 ogres
  2 kobold brigands
  3 lemures (D:5)
  3 bullfrogs
  2 scorpions
  A gnoll sergeant (D:9)
  3 wights (D:8)
  Dowan (D:7)
  5 killer bees (D:10)
  4 hounds
  A gnoll bouda (D:5)
  A jelly (D:5)
  7 orc priests
  Jessica (D:3)
  3 iguanas
  6 orc wizards
  6 adders
  15 gnolls
  A shadow imp (D:5)
  2 white imps (D:5)
  2 ufetubi
  6 worms
  A dart slug (D:1)
  28 orcs
  7 ball pythons
  6 endoplasms
  2 giant cockroaches
  6 goblins
  3 hobgoblins
  3 jackals
  10 kobolds
  2 quokkas (D:3)
  7 bats
  3 frilled lizards (D:2)
  6 rats
  A butterfly (D:8)
206 creatures vanquished.

Vanquished Creatures (collateral kills)
  A wight (D:8)
1 creature vanquished.

Grand Total: 207 creatures vanquished

Notes
Turn   | Place    | Note
-------+----------+-------------------------------------------
     0 | D:1      | Andi the Octopode Venom Mage began the quest for the Orb.
     0 | D:1      | Reached XP level 1. HP: 11/11 MP: 3/3
   406 | D:1      | Reached skill level 4 in Poison Magic
   406 | D:1      | Reached XP level 2. HP: 17/17 MP: 5/5
   428 | D:1      | Found a faded altar of an unknown god.
  1155 | D:1      | Learned a level 2 spell: Poisonous Vapours
  1279 | D:2      | Reached XP level 3. HP: 21/21 MP: 3/6
  1627 | D:2      | Reached XP level 4. HP: 27/27 MP: 7/7
  1953 | D:3      | Noticed Grinder
  1955 | D:3      | Paralysed by Grinder for 5 turns
  2051 | D:3      | Noticed Jessica
  2059 | D:3      | Killed Jessica
  2060 | D:3      | Reached skill level 1 in Air Magic
  2210 | D:3      | Reached XP level 5. HP: 19/31 MP: 9/9
  2564 | D:3      | Noticed Tyszek's ghost (amateur MiMo)
  2564 | D:3      | Identified the +4 giant club of a Million Eyes {holy, rElec
                  | rF+}
  2564 | D:3      | Noticed an ogre
  2565 | D:3      | Found a transporter.
  2595 | D:3      | Found a transporter.
  2636 | D:3      | Killed Grinder
  2637 | D:3      | Reached skill level 1 in Maces & Flails
  2637 | D:3      | Reached skill level 5 in Poison Magic
  2637 | D:3      | Reached XP level 6. HP: 24/36 MP: 11/11
  2690 | D:3      | Learned a level 3 spell: Mephitic Cloud
  3337 | D:4      | Noticed a black bear
  3353 | D:4      | Killed a black bear
  3551 | D:4      | Reached XP level 7. HP: 41/41 MP: 12/12
  3570 | D:4      | Found a staircase to the Ecumenical Temple.
  3703 | Temple   | Entered the Ecumenical Temple
  4301 | Temple   | Became a worshipper of Sif Muna the Loreminder
  4544 | D:4      | Reached skill level 6 in Poison Magic
  5264 | D:4      | Noticed a yak
  5264 | D:4      | Noticed a yak
  5265 | D:4      | Noticed a yak
  5266 | D:4      | Noticed a yak
  5304 | D:4      | Killed a yak
  5305 | D:4      | Reached skill level 1 in Short Blades
  5357 | D:4      | Killed a yak
  5487 | D:4      | Killed a yak
  5488 | D:4      | Reached skill level 7 in Poison Magic
  5488 | D:4      | Reached XP level 8. HP: 13/47 MP: 13/15
  5509 | D:4      | Killed a yak
  5763 | D:5      | Entered Level 5 of the Dungeon
  5910 | D:5      | Noticed Pikel
  5945 | D:4      | Killed Pikel
  5946 | D:4      | Reached skill level 5 in Spellcasting
  5946 | D:4      | Reached skill level 5 in Air Magic
  5946 | D:4      | Reached skill level 8 in Poison Magic
  6125 | D:5      | Learned a level 4 spell: Olgreb's Toxic Radiance
  6208 | D:5      | Reached skill level 1 in Fighting
  6208 | D:5      | Reached XP level 9. HP: 53/53 MP: 17/17
  6632 | D:5      | Reached * piety under Sif Muna
  6694 | D:5      | Found a hide-covered altar of Uskayaw.
  7402 | D:6      | Learned a level 1 spell: Magic Dart
  7405 | D:6      | Learned a level 2 spell: Call Imp
  7517 | D:6      | Noticed Sigmund
  7528 | D:6      | Killed Sigmund
  8094 | D:7      | Noticed Dowan
  8097 | D:7      | Noticed Duvessa
  8173 | D:6      | Reached skill level 9 in Poison Magic
  8308 | D:7      | Killed Dowan
  8311 | D:6      | Killed Duvessa
  8491 | D:7      | Noticed a gargoyle
  8822 | D:7      | Noticed Maggie
  8840 | D:7      | Killed Maggie
  8841 | D:7      | Reached skill level 1 in Summonings
  9035 | D:7      | Identified the +7 dagger "Bomoafam" {freeze, rN++ rCorr}
  9202 | D:7      | Reached XP level 10. HP: 58/58 MP: 21/21
 10344 | D:8      | Reached skill level 10 in Poison Magic
 10367 | D:8      | Noticed Prince Ribbit
 10368 | D:8      | Found a runed translucent gate.
 10368 | D:8      | Found a runed translucent gate.
 10368 | D:8      | Found a runed translucent gate.
 10371 | D:8      | Noticed LavenderCorpse's ghost (novice TrCA)
 10371 | D:8      | Noticed raetorn's ghost (novice NaHu)
 10371 | D:8      | Noticed kij's ghost (novice MiBe)
 10371 | D:8      | Noticed Plommelars's ghost (novice MiBe)
 10380 | D:8      | Killed Prince Ribbit
 10534 | D:8      | Reached ** piety under Sif Muna
 10832 | D:8      | Found a white marble altar of Elyvilon.
 11487 | D:9      | Noticed a two-headed ogre
 11542 | D:9      | Killed a two-headed ogre
 11779 | D:9      | Found a staircase to the Orcish Mines.
 11967 | D:9      | Noticed a two-headed ogre
 12006 | D:9      | Killed a two-headed ogre
 12381 | Orc:1    | Entered Level 1 of the Orcish Mines
 12436 | Orc:1    | Noticed an orc sorcerer
 12441 | Orc:1    | Noticed a smoke demon
 12657 | D:10     | Entered Level 10 of the Dungeon
 12657 | D:10     | Noticed Maurice
 12657 | D:10     | Found Piaclishrya's General Store.
 12660 | D:10     | Killed Maurice
 12661 | D:10     | Reached XP level 11. HP: 64/64 MP: 24/24
 12688 | D:10     | Bought a scroll of identify for 26 gold pieces
 12805 | D:10     | Reached skill level 1 in Conjurations
 12805 | D:10     | Reached skill level 11 in Poison Magic
 12850 | D:10     | Found the +5 woodcutter's axe
 12899 | D:10     | Reached skill level 5 in Stealth
 12964 | D:10     | Learned a level 4 spell: Summon Lightning Spire
 13043 | D:10     | Noticed Snorg
 13079 | D:10     | Killed Snorg
 13224 | D:10     | Noticed Nergalle
 13402 | D:10     | Noticed a cyclops
 13405 | D:10     | Noticed a two-headed ogre
 13411 | D:10     | Killed a cyclops
 13466 | D:10     | Learned a level 1 spell: Summon Small Mammal
 13470 | D:10     | Learned a level 3 spell: Call Canine Familiar
 13611 | D:10     | Killed a two-headed ogre
 13815 | D:10     | Noticed a two-headed ogre
 13836 | D:10     | Killed a two-headed ogre
 13837 | D:10     | Reached skill level 10 in Spellcasting
 13878 | D:10     | HP: 3/64 [centaur/arrow (9)]
 14007 | D:10     | Found a staircase to the Lair.
 14646 | Orc:1    | Killed an orc sorcerer
 14814 | Orc:2    | Entered Level 2 of the Orcish Mines
 14814 | Orc:2    | Found a staircase to the Elven Halls.
 15004 | Orc:2    | Noticed an orc high priest
 15004 | Orc:2    | Noticed an orc high priest
 15004 | Orc:2    | Noticed an orc high priest
 15005 | Orc:2    | Noticed an orc knight
 15005 | Orc:2    | Noticed an orc knight
 15005 | Orc:2    | Noticed an orc knight
 15005 | Orc:2    | Noticed an orc knight
 15005 | Orc:2    | Noticed an orc sorcerer
 15005 | Orc:2    | Noticed an orc sorcerer
 15009 | Orc:2    | Noticed an orc sorcerer
 15069 | Orc:2    | Found a flickering gateway to a bazaar.
 15071 | Orc:2    | Noticed an orc knight
 15098 | Orc:2    | Killed an orc knight
 15098 | Orc:2    | Reached *** piety under Sif Muna
 15116 | Bazaar   | Entered a bazaar
 15116 | Bazaar   | Found Voppu's Distillery.
 15122 | Bazaar   | Found Hucaczank's General Store.
 15187 | Bazaar   | Found Fitty's Antique Armour Boutique.
 15198 | Bazaar   | Found Runk's Antique Weapon Shoppe.
 15199 | Bazaar   | Found Xiggiec's Jewellery Shoppe.
 15214 | Bazaar   | Bought a +6 ring of intelligence for 504 gold pieces
 15214 | Bazaar   | Bought a +4 ring of protection for 504 gold pieces
 15360 | Orc:2    | Found a dark tunnel.
 15413 | Volcano  | Entered a volcano
 15467 | Volcano  | Noticed a salamander
 15467 | Volcano  | Noticed a salamander
 15475 | Volcano  | Engulfed by a cloud of flame

Illustrated notes

Levels and vault maps discovered:
D:1:      ebering_trefoil_3fold, layout_loops_corners, basic_ecumenical_altar,
          chequers_serial_rivers_micro_a
D:2:      layout_rooms
D:3:      kennysheep_big_flooded_room, layout_basic, gammafunk_ghost_smash,
          uniq_grinder, uniq_jessica
D:4:      minmay_razor_zed, layout_rooms, minmay_temple_entry_large_hall,
          glass_columns_a, grunt_decor_cap, serial_bayou_pond_e
D:5:      layout_gridville, nicolae_uskayaw_murder_on_the_dancefloor, uniq_pikel
D:6:      layout_basic, kennysheep_potato, uniq_sigmund
D:7:      layout_cave_pools, uniq_maggie, uniq_duvessa
D:8:      layout_loops_ring, nicolae_elyvilon_peaceful_grove,
          gammafunk_ghost_cemetery, uniq_prince_ribbit1
D:9:      layout_roguey, orc_0_dummy
D:10:     layout_loops_ring, lair_entry_dummy, nicolae_wooded_promenade,
          corexii_corridor_pit, uniq_nergalle, uniq_snorg, uniq_maurice
Temple:   mainiacjoe_temple_cubbyholes
Orc:1:    layout_caves, david_defended_altar_orc
Orc:2:    st_orc_elflike, layout_caves, enter_volcano_2, serial_shops,
          bzr_entry_water
Volcano:  volcano_village

Skill      XL: |  1  2  3  4  5  6  7  8  9 10 11 |
---------------+----------------------------------+-----
Poison Magic   | 4 5 7 8 9 10 11 | 11.6
Stealth        | 3 4 5 |  5.2
Air Magic      | 1 2 4 5 7 |  7.9
Maces & Flails | 1 |  1.0
Spellcasting   | 3 4 5 7 9 10 | 10.5
Short Blades   | 1 2 3 |  3.1
Dodging        | 3 4 |  4.0
Fighting       | 1 |  1.9
Summonings     | 1 2 4 |  4.0
Transmutations | 2 |  2.0
Conjurations   | 1 |  1.7

Action                     |  1- 3 |  4- 6 |  7- 9 | 10-12 || total
---------------------------+-------+-------+-------+-------++-------
  Melee: Mace              |    20 |     5 |       |       ||    25
         Constrict         |     7 |     9 |    18 |    16 ||    50
         Tentacles         |     5 |    12 |    31 |    21 ||    69
         Punch             |     1 |       |     1 |     1 ||     3
         Dagger            |       |    30 |    86 |    86 ||   202
   Cast: Sting             |    17 |       |    12 |     6 ||    35
         Poisonous Vapours |    14 |    50 |    74 |    84 ||   222
         Mephitic Cloud    |       |       |     4 |    17 ||    21
         Olgreb's Toxic Ra |       |       |    18 |    29 ||    47
         Call Imp          |       |       |    14 |     8 ||    22
         Magic Dart        |       |       |     3 |    22 ||    25
         Call Canine Famil |       |       |       |    13 ||    13
         Summon Lightning  |       |       |       |     9 ||     9
         Summon Small Mamm |       |       |       |     1 ||     1
    Use: Scroll            |       |     4 |     9 |     7 ||    20
         Potion            |       |       |     4 |     3 ||     7
   Stab: Sleeping          |     1 |     1 |       |       ||     2
         Confused          |       |       |       |     1 ||     1
         Distracted        |       |       |       |     1 ||     1
 Armour: Skin              |       |     3 |     2 |     2 ||     7
  Dodge: Dodged            |    14 |    19 |   110 |    80 ||   223
